 Dungeon Crawl Stone Soup version bcrawl-1.27.5 (console) character file.

Game seed: 8221718679287733931

314385 FIQ the Grappler (level 9, -8/78 HPs)
             Began as a Troll Archaeologist on Aug 15, 2020.
             Was a Plaything of Xom.
             Mangled by a two-headed ogre
             ... wielding a +0 dire flail
              (9 damage)
             ... on level 6 of the Dungeon.
             The game lasted 00:12:38 (5735 turns).

FIQ the Grappler (Troll Archaeologist)              Turns: 5735, Time: 00:12:38

Health: -8/78      AC:  9    Str: 24      XL:     9   Next: 43%
Magic:  20/20      EV: 11    Int: 13      God:    Xom [......]
Gold:   409        SH:  0    Dex:  7 (8)  Spells: 8/8 levels left

rFire    + + .     SeeInvis .     - Claws (25.5)
rCold    + . .     Gourm    +   (no shield)
rNeg     + . .     Faith    .   (armour unavailable)
rPois    +         Spirit   .   b - +1 hat
rElec    .         Reflect  .   l - scarf {rC+ rF+}
rCorr    .         Harm     .   (gloves unavailable)
MR       +....                  (boots unavailable)
Stlth    +.........             t - amulet of the acrobat
HPRegen  0.63/turn              j - ring of positive energy
MPRegen  0.17/turn              d - ring of Tuoruos {rPois rF+ MR+ MP+9 Int+2}

@: no status effects
A: large, almost no armour, claws 3, fast metabolism 3, frail 1, gourmand,
regeneration 1, AC +8
a: Renounce Religion


You were on level 6 of the Dungeon.
You worshipped Xom.
You were a very special plaything of Xom.
You were completely stuffed.

You visited 2 branches of the dungeon, and saw 7 of its levels.
You also visited: Sewer.

You collected 409 gold pieces.

Inventory:

Hand Weapons
 a - a +0 whip
Armour
 b - a +1 hat (worn)
 l - a scarf of resistance (worn)
Jewellery
 d - the ring of Tuoruos (right claw) {rPois rF+ MR+ MP+9 Int+2}
   (You acquired it on level 3 of the Dungeon)

   [ring of magical power]

   It affects your intelligence (+2).
   It protects you from fire.
   It protects you from poison.
   It affects your resistance to hostile enchantments.
   It affects your magic capacity (+9).
 h - an uncursed ring of insulation
 j - a ring of positive energy (left claw)
 t - an amulet of the acrobat (around neck)
Scrolls
 c - a scroll of magic mapping
 f - 2 scrolls of remove curse
 g - 2 scrolls of teleportation
 i - 2 scrolls of fog {unknown}
 k - a scroll of enchant weapon {unknown}
 m - a scroll of identify
 o - 3 scrolls of immolation {unknown}
 q - a scroll of noise {unknown}
Potions
 n - 2 potions of invisibility
 p - 2 potions of flight
 r - 3 potions of curing
 u - a potion of magic
 w - a potion of cancellation
Comestibles
 e - 7 rations {!d}


   Skills:
 + Level 4.8 Fighting
 - Level 1.0 Maces & Flails
 + Level 5.4 Dodging
 - Level 1.7 Stealth
 * Level 8.1 Unarmed Combat
 + Level 4.2 Evocations


You had 8 spell levels left.
You didn't know any spells.
Your spell library contained the following spells:

 Spells                   Type           Power        Failure   Level  Hunger
 Animate Skeleton         Necr           N/A          30%         1    None
 Corona                   Hex            #......      30%         1    None
 Pain                     Necr           #.....       30%         1    None
 Ensorcelled Hibernation  Hex/Ice        #.....       43%         2    ####...
 Confuse                  Hex            #.......     67%         3    #####..
 Dazzling Orbs            Conj/Hex       #......      67%         3    #####..
 Regeneration             Chrm/Necr      #.........   67%         3    #####..
 Tukima's Dance           Hex            #.......     67%         3    #####..
 Vampiric Draining        Necr           #.........   67%         3    #####..
 Animate Dead             Necr           N/A          97%         4    ######.
 Bolt of Draining         Conj/Necr      #.........   100%        5    #######


Dungeon Overview and Level Annotations

Branches:
Dungeon (6/12)             Temple (1/1) D:5

Altars:
Ashenzari
Cheibriados
Elyvilon
Fedhas
Gozag
Lugonu
Makhleb
Nemelex Xobeh
Okawaru
Qazlal
Ru
Sif Muna
Trog
Uskayaw
Vehumet
Wu Jian
Xom
Yredelemnul
Zin
The Shining One


Innate Abilities, Weirdness & Mutations

You cannot wear most types of armour.
Your thick skin is tough. (AC +8)
You are too large for most types of armour.
You have claws for hands.
Your metabolism is lightning-fast.
You like to eat raw meat.
Your natural rate of healing is unusually fast.
You are frail. (-10% HP)


Message History

You claw the two-headed ogre!
The two-headed ogre is heavily wounded.
You scratch the two-headed ogre.
The two-headed ogre is severely wounded.
The two-headed ogre hits you with a +0 dire flail!
The two-headed ogre closely misses you.
You completely miss the two-headed ogre.
The two-headed ogre is severely wounded.
The two-headed ogre hits you with a +0 dire flail!
* * * LOW HITPOINT WARNING * * *
The two-headed ogre hits you with a +0 giant spiked club.
* * * LOW HITPOINT WARNING * * *
You scratch the two-headed ogre.
The two-headed ogre is severely wounded.
You claw the two-headed ogre!
The two-headed ogre is almost dead.
The two-headed ogre hits you with a +0 dire flail!
* * * LOW HITPOINT WARNING * * *
The two-headed ogre hits you with a +0 giant spiked club!
You die...

#............# #(##########.#
#.# #.# #.# #.#
#.##########.# #.##.........#
#.##.######..################
#.##.# #.................#
#.##.# ##................#
##.#..# #..#.####.######.#
#..#.## #.@#.####.######.#
#.##.# #..O..........##.#
#.##.# ####..#.####.###.##.##
#.##.# #.......# ##.# #.##.).
#.##.## #.###.#.# #<.#
#.##... #.#...####.###.#.#
#.## #.#####
#...#..........#.# #.#
#)##### ###...####.##..#.#
#.# #...... #.))# #.##..#.#
#.# #######
###.).####.......# #.#
#.......#####..### #.# ##


You could see a two-headed ogre.

Vanquished Creatures
  Pikel (D:4)
  A hungry ghost (D:4)
  2 orc warriors (D:6)
  A sky beast (D:6)
  2 ice beasts
  2 necrophages (D:5)
  2 ogres
  3 phantoms
  3 centaurs
  A big kobold (Sewer)
  A bullfrog (D:6)
  An electric eel (D:6)
  A bullfrog zombie (D:5)
  2 centaur zombies
  A quasit (D:5)
  A jelly (D:6)
  3 orc priests
  2 orc wizards (D:6)
  A centaur skeleton (D:4)
  2 iguanas (D:4)
  Jessica (D:2)
  Natasha (thrice) (D:4)
  3 worker ants (D:4)
  A hound skeleton (D:4)
  5 adders
  A howler monkey skeleton (D:5)
  A river rat (Sewer)
  An ooze (D:1)
  An adder skeleton (D:6)
  4 worms
  5 leopard geckos
  16 orcs
  A ball python (D:2)
  3 bats
  2 giant cockroaches
  6 goblins (D:1)
  11 hobgoblins
  10 jackals
  A quokka (D:4)
  5 frilled lizards
  14 kobolds
  13 rats
141 creatures vanquished.

Vanquished Creatures (others)
  A slave (D:4)
  A leopard gecko (D:4)
  3 jackals (D:4)
  A quokka (D:4)
  A rat (D:4)
  2 fire vortices (D:6)
9 creatures vanquished.

Grand Total: 150 creatures vanquished

Notes
Turn   | Place    | Note
-------+----------+-------------------------------------------
     0 | D:1      | FIQ the Troll Archaeologist began the quest for the Orb.
     0 | D:1      | Reached XP level 1. HP: 18/18 MP: 0/0
    93 | D:1      | Reached skill level 1 in Fighting
    95 | D:1      | Reached XP level 2. HP: 16/27 MP: 1/1
   222 | D:1      | Reached skill level 1 in Unarmed Combat
   414 | D:1      | Reached XP level 3. HP: 33/33 MP: 2/2
   629 | D:1      | Found a shimmering altar of Xom.
   644 | D:1      | Became a worshipper of Xom of Chaos
   660 | D:1      | XOM: harmless Pois miscast
  1002 | D:2      | XOM: harmless Summ miscast
  1096 | D:2      | Reached skill level 2 in Unarmed Combat
  1164 | D:2      | Noticed Jessica
  1164 | D:2      | XOM: potion effect (might)
  1168 | D:2      | XOM: potion effect (might)
  1171 | D:2      | Killed Jessica
  1171 | D:2      | Reached skill level 1 in Evocations
  1171 | D:2      | Gained mutation: Your natural rate of healing is unusually
                  | fast. [Troll growth]
  1171 | D:2      | Reached XP level 4. HP: 41/41 MP: 3/3
  1422 | D:3      | XOM: silly message
  1455 | D:3      | XOM: smoke on damage
  1621 | D:3      | Reached XP level 5. HP: 30/49 MP: 3/5
  1621 | D:3      | Identified a scroll of acquirement
  1630 | D:3      | Identified the ring of Tuoruos {rPois rF+ MR+ MP+9 Int+2}
                  | (You acquired it on level 3 of the Dungeon)
  1795 | D:3      | Reached skill level 3 in Unarmed Combat
  2061 | D:3      | Noticed an ice beast
  2073 | D:3      | Killed an ice beast
  2073 | D:3      | Reached XP level 6. HP: 54/57 MP: 6/6
  2077 | D:3      | XOM: harmless Hex miscast
  2446 | D:4      | Noticed a hungry ghost
  2448 | D:4      | XOM: harmless Pois miscast
  2468 | D:4      | XOM: potion effect (haste)
  2474 | D:4      | XOM: mild Conj miscast
  2476 | D:4      | XOM: harmless Ice miscast
  2492 | D:4      | XOM: noise
  2493 | D:4      | Killed a hungry ghost
  2493 | D:4      | Reached skill level 4 in Unarmed Combat
  2551 | D:4      | Reached XP level 7. HP: 62/66 MP: 7/7
  2560 | D:4      | Noticed Pikel
  2573 | D:4      | Killed Pikel
  2573 | D:4      | Reached skill level 5 in Unarmed Combat
  2616 | D:4      | XOM: enchant monster (good)
  2626 | D:4      | Found a glowing drain.
  2628 | D:4      | XOM: enchant monster (bad)
  2640 | Sewer    | Entered a sewer
  2651 | Sewer    | Reached XP level 8. HP: 75/75 MP: 9/9
  2716 | Sewer    | XOM: give mutation
  2716 | Sewer    | Gained mutation: You are frail. (-10% HP) [Xom's mischief]
  2763 | Sewer    | Found a glowing silver altar of Zin.
  2812 | D:4      | XOM: snakes to sticks
  2813 | D:4      | XOM: torment (37/67 hp)
  2824 | D:4      | Reached skill level 6 in Unarmed Combat
  2839 | D:4      | XOM: enchant monster (bad)
  2903 | D:4      | XOM: confuse monster(s)
  2994 | D:4      | Found an opulent altar of Gozag.
  2994 | D:4      | Noticed Natasha
  3001 | D:4      | Killed Natasha
  3096 | D:4      | Found a sacrificial altar of Ru.
  3096 | D:4      | Found a bloodstained altar of Trog.
  3101 | D:4      | Found a white marble altar of Elyvilon.
  3106 | D:4      | Found a corrupted altar of Lugonu.
  3108 | D:4      | Found a shattered altar of Ashenzari.
  3189 | D:4      | Noticed Natasha
  3198 | D:4      | Killed Natasha
  3384 | D:4      | Noticed Natasha
  3390 | D:4      | Killed Natasha
  3471 | D:5      | Entered Level 5 of the Dungeon
  3473 | D:5      | Found a hide-covered altar of Uskayaw.
  3615 | D:5      | Reached skill level 7 in Unarmed Combat
  3940 | D:5      | XOM: cast spell 'Summon Butterflies'
  3944 | D:5      | XOM: potion effect (curing)
  3981 | D:5      | XOM: noise
  4015 | D:5      | Found a staircase to the Ecumenical Temple.
  4031 | Temple   | Entered the Ecumenical Temple
  4141 | Temple   | XOM: harmless Ice miscast
  4331 | D:5      | XOM: draining
  4398 | D:5      | Reached skill level 5 in Dodging
  4398 | D:5      | Reached XP level 9. HP: 69/76 MP: 10/10
  4496 | D:5      | XOM: 1-stop teleportation journey
  5165 | D:6      | XOM: 5-stop teleportation journey
  5170 | D:6      | XOM: scenery: create altars
  5292 | D:6      | XOM: confusion (+ monsters)
  5300 | D:6      | XOM: summons 2 friendly demons
  5436 | D:6      | XOM: confusion
  5447 | D:6      | XOM: chaos cloud
  5453 | D:6      | Reached skill level 8 in Unarmed Combat
  5472 | D:6      | XOM: summons 4 hostile demons
  5509 | D:6      | Noticed a two-headed ogre
  5527 | D:6      | XOM: harmless Tloc miscast
  5735 | D:6      | HP: 1/78 [two-headed ogre/+0 dire flail (13)]
  5735 | D:6      | Mangled by a two-headed ogre

Skill      XL: |  1  2  3  4  5  6  7  8  9 |
---------------+----------------------------+-----
Fighting       | 1 2 3 4 |  4.8
Unarmed Combat | 1 2 3 4 5 7 8 |  8.1
Evocations     | 1 2 3 4 |  4.2
Dodging        | 3 4 5 |  5.4
Maces & Flails | |  1.0
Stealth        | |  1.7

Action                   |  1- 3 |  4- 6 |  7- 9 || total
-------------------------+-------+-------+-------++-------
Melee: Whip              |   164 |   152 |       ||   316
       Punch             |       |     2 |     5 ||     7
       Unarmed           |       |    17 |   336 ||   353
  Use: Potion            |     3 |     1 |     6 ||    10
       Scroll            |       |     3 |     3 ||     6
 Stab: Sleeping          |     4 |       |     3 ||     7
       Confused          |       |       |     1 ||     1
       Paralysed         |       |       |     2 ||     2
  Eat: Chunk             |    17 |    10 |    34 ||    61
       Ration            |       |     3 |       ||     3
Armor: Skin              |    76 |    66 |   104 ||   246
Dodge: Dodged            |    89 |    78 |   174 ||   341
